 Dungeon Sprint DCSS version 0.24-a0-249-g2af7e83 (webtiles) character file.

Game seed: 16775258327153540227

16800000 JimmahDean the Demonspawn of Death (level 27, -84/323 HPs)
             Began as a Demonspawn Necromancer on Apr 13, 2019.
             Was the Champion of Makhleb.
             Killed from afar by a wretched soul (109 damage)
             ... with a bolt of negative energy
             ... in the Dungeon (Sprint VIII: "Arena of Blood").
             The game lasted 00:04:37 (168 turns).

JimmahDean the Demonspawn of Death (DsNe)            Turns: 168, Time: 00:04:37

Health: -84/323    AC:  8    Str: 11    XL:     27
Magic:  50/54      EV: 35    Int: 18    God:    Makhleb [******]
Gold:   0          SH:  0    Dex: 23    Spells: 79/80 levels left

rFire    . . .     SeeInvis .   b - +∞ Axe of Woe
rCold    . . .     Gourm    .   (shield currently unavailable)
rNeg     . . .     Faith    .   a - +0 robe
rPois    +         Spirit   .   (no helmet)
rElec    .         Reflect  .   (no cloak)
rCorr    .         Harm     .   (no gloves)
MR       ++...     NoTele   +   (boots unavailable)
Stlth    ++++++++++             (no amulet)
HPRegen  0.63/turn              (no ring)
MPRegen  0.34/turn              (no ring)

@: hasted and slowed, drained
A: talons 3, slimy green scales 3, foul stench 2, nightstalker 3, robust 3, rot
immunity
a: Minor Destruction, Lesser Servant of Makhleb, Major Destruction, Greater
Servant of Makhleb, Renounce Religion


You were in the Dungeon.
You worshipped Makhleb.
Makhleb was exalted by your worship.
You were not hungry.

You visited 1 branch

Inventory:

Hand Weapons
 b - the +∞ Axe of Woe (weapon)
   (You found it in the Dungeon)
Armour
 a - a +0 robe (worn)
Jewellery
 k - a +30 ring of slaying
 l - a +30 ring of slaying
 m - a +30 ring of slaying
 n - a +30 ring of slaying
 o - a +30 ring of slaying
 p - a +30 ring of slaying
Scrolls
 i - a scroll of blinking
Potions
 d - a potion of curing {@q1}
 e - a potion of heal wounds {@q2}
 g - 2 potions of magic
 h - a potion of berserk rage
Comestibles
 c - a ration {@e1}
 j - a chunk of flesh


   Skills:
 O Level 27(25.5) Fighting
 O Level 27(25.5) Axes
 O Level 27(25.5) Throwing
 O Level 27(25.5) Armour
 O Level 27(25.5) Dodging
 O Level 27(25.5) Stealth
 O Level 27(25.5) Unarmed Combat
 O Level 27(25.5) Spellcasting
 O Level 27(25.5) Necromancy
 O Level 27(25.5) Invocations


You had 79 spell levels left.
You knew the following spells:

 Your Spells              Type           Power        Failure   Level  Hunger
a - Pain                  Necr           ####         0%          1    None

Your spell library contained the following spells:

 Spells                   Type           Power        Failure   Level  Hunger
 Animate Skeleton         Necr           N/A          0%          1    None
 Vampiric Draining        Necr           #######...   0%          3    None
 Animate Dead             Necr           N/A          0%          4    None
 Regeneration             Chrm/Necr      ######....   1%          3    None


Dungeon Overview and Level Annotations

Branches:
Dungeon (1/1)

Altars:
Makhleb


Innate Abilities, Weirdness & Mutations

You have claws for feet.
You are completely covered in slimy green scales. (AC +4, rPois)
You frequently emit foul miasma when damaged in melee.
You are completely attuned to the shadows.
You are extremely robust. (+30% HP)
You are immune to rotting.


Message History

2 crawling corpses come into view.
You regained 52 hp, and now have 87/323 hp.
You slash the crawling corpse!
You fatally mangle the crawling corpse.
You destroy the crawling corpse!
You hear a shout!
You feel something staring at you.
A fireball appears from out of thin air!
The fireball explodes!
Deactivating autopickup; reactivate with Ctrl-A.
The fireball engulfs you!!!
* * * LOW HITPOINT WARNING * * *
The meat berserker is engulfed in blazing flames.
The meat berserker dies!
The eight-headed meat hydra calls on the powers of darkness!
The eight-headed meat hydra convulses!
Your body is wracked with pain!
* * * LOW HITPOINT WARNING * * *
The eight-headed meat hydra convulses!
A bolt of negative energy appears from out of thin air!
The bolt of negative energy hits you!!!!
You feel drained.
You die...

......))#_)<._# .
#..%..))#)%%).#....
..#.))))).)_%......
......)W).###......
....)###)......###.
....)..#§§{....#
...V..x#§§o....#
......)§°§.S...o
.#...)@))Do.. ..
......)oW..
......D..W
....#..z.. ....
....


You could see 2 eight-headed meat hydras, a destroyer, a sculptor of flesh, a
dread, 3 bags of meat and a crawling corpse.

Vanquished Creatures
  8 hell knights (D)
  17 hell beasts (D)
  3 greater mummies (D)
  7 great orbs of eyes (D)
  5 wraiths (D)
  23 vampire knights (D)
  39 ogres (D)
  5 two-headed ogres (D)
  3 liches (D)
  4 hydras (D)
  60 orcs (D)
  5 phantoms (D)
  6 skeletal warriors (D)
  A sea snake (D)
  5 small abominations (D)
  6 large abominations (D)
  7 crawling corpses (D)
204 creatures vanquished.

Vanquished Creatures (others)
  An ogre (D)
  2 crawling corpses (D)
3 creatures vanquished.

Grand Total: 207 creatures vanquished

Notes
Turn   | Place    | Note
-------+----------+-------------------------------------------
     0 | D        | Found the +∞ Axe of Woe
     0 | D        | JimmahDean the Demonspawn Necromancer began the quest for
                  | the Orb.
     0 | D        | Reached XP level 1. HP: 13/13 MP: 3/3
     1 | D        | Noticed a bag of meat
     1 | D        | Noticed a bag of meat
     1 | D        | Noticed a bag of meat
     2 | D        | Noticed a bag of meat
     3 | D        | Became a worshipper of Makhleb the Destroyer
     3 | D        | Noticed a bag of meat
     3 | D        | Noticed a bag of meat
     5 | D        | Noticed a bag of meat
     6 | D        | Killed a bag of meat
     6 | D        | Gained mutation: You are partially covered in slimy green
                  | scales. (AC +2) [demonic ancestry]
     6 | D        | Reached XP level 2. HP: 19/19 MP: 3/16
     6 | D        | Reached XP level 3. HP: 24/24 MP: 3/18
     6 | D        | Gained mutation: You are immune to rotting. [demonic
                  | ancestry]
     6 | D        | Reached XP level 4. HP: 30/30 MP: 3/19
     6 | D        | Reached XP level 5. HP: 35/35 MP: 3/21
     6 | D        | Gained mutation: You have sharp toenails. [demonic
                  | ancestry]
     6 | D        | Reached XP level 6. HP: 41/41 MP: 3/22
     6 | D        | Gained mutation: You are slightly more attuned to the
                  | shadows. [demonic ancestry]
     6 | D        | Reached XP level 7. HP: 46/46 MP: 3/24
     6 | D        | Gained mutation: You are mostly covered in slimy green
                  | scales. (AC +3) [demonic ancestry]
     6 | D        | Reached XP level 8. HP: 52/52 MP: 3/25
     6 | D        | Reached XP level 9. HP: 57/57 MP: 3/26
     6 | D        | Reached XP level 10. HP: 63/63 MP: 3/27
     6 | D        | Gained mutation: You have razor-sharp toenails. [demonic
                  | ancestry]
     6 | D        | Reached XP level 11. HP: 68/68 MP: 3/28
     6 | D        | Killed a bag of meat
     6 | D        | Reached * piety under Makhleb
     6 | D        | Reached skill level 15 in Dodging
     6 | D        | Reached skill level 15 in Spellcasting
     6 | D        | Gained mutation: You have claws for feet. [demonic
                  | ancestry]
     6 | D        | Reached XP level 12. HP: 74/74 MP: 3/31
     7 | D        | Noticed a bag of meat
     7 | D        | Killed a bag of meat
     7 | D        | Reached XP level 13. HP: 67/79 MP: 3/33
     8 | D        | Killed a bag of meat
     8 | D        | Gained mutation: You are significantly more attuned to the
                  | shadows. [demonic ancestry]
     8 | D        | Reached XP level 14. HP: 85/85 MP: 3/36
     8 | D        | Killed a bag of meat
     8 | D        | Reached ** piety under Makhleb
     8 | D        | Killed a bag of meat
     8 | D        | Gained mutation: You may emit foul miasma when damaged in
                  | melee. [demonic ancestry]
     8 | D        | Reached XP level 15. HP: 90/90 MP: 3/38
     9 | D        | Noticed a meat berserker
     9 | D        | Reached *** piety under Makhleb
    11 | D        | Killed a meat berserker
    11 | D        | Reached XP level 16. HP: 96/96 MP: 5/42
    11 | D        | Noticed a meat berserker
    13 | D        | Noticed a meat berserker
    14 | D        | Noticed a meat berserker
    16 | D        | Killed a meat berserker
    16 | D        | Reached XP level 17. HP: 119/119 MP: 6/44
    16 | D        | Reached **** piety under Makhleb
    16 | D        | Reached skill level 10 in Invocations
    16 | D        | Noticed a meat berserker
    16 | D        | Noticed a meat berserker
    16 | D        | Noticed a large bag of meat
    17 | D        | Killed a meat berserker
    17 | D        | Reached skill level 10 in Fighting
    17 | D        | Reached skill level 10 in Axes
    17 | D        | Reached skill level 10 in Throwing
    17 | D        | Reached skill level 10 in Armour
    17 | D        | Reached skill level 27 in Necromancy
    17 | D        | Killed a meat berserker
    17 | D        | Reached skill level 15 in Invocations
    17 | D        | Gained mutation: You are robust. (+10% HP) [demonic
                  | ancestry]
    17 | D        | Reached XP level 18. HP: 70/156 MP: 7/46
    18 | D        | Reached ***** piety under Makhleb
    18 | D        | Killed a meat berserker
    18 | D        | Reached skill level 15 in Fighting
    18 | D        | Reached skill level 27 in Stealth
    18 | D        | Reached XP level 19. HP: 170/170 MP: 8/48
    19 | D        | Killed a meat berserker
    19 | D        | Reached skill level 15 in Axes
    19 | D        | Reached skill level 15 in Throwing
    19 | D        | Reached skill level 15 in Armour
    19 | D        | Reached skill level 15 in Unarmed Combat
    20 | D        | Killed a large bag of meat
    20 | D        | Gained mutation: You are very robust. (+20% HP) [demonic
                  | ancestry]
    20 | D        | Reached XP level 20. HP: 180/206 MP: 8/50
    20 | D        | Noticed a large bag of meat
    20 | D        | Noticed a large bag of meat
    21 | D        | Noticed a destroyer
    21 | D        | Reached skill level 27 in Dodging
    21 | D        | Reached skill level 27 in Spellcasting
    21 | D        | Reached ****** piety under Makhleb
    21 | D        | Killed a destroyer
    21 | D        | Reached skill level 27 in Invocations
    21 | D        | Reached XP level 21. HP: 228/228 MP: 9/52
    21 | D        | Noticed a destroyer
    22 | D        | Noticed a destroyer
    25 | D        | Killed a destroyer
    25 | D        | Gained mutation: You are completely attuned to the shadows.
                  | [demonic ancestry]
    25 | D        | Reached XP level 22. HP: 247/247 MP: 10/53
    27 | D        | Killed a large bag of meat
    27 | D        | Reached skill level 27 in Fighting
    27 | D        | Noticed a destroyer
    30 | D        | Reached skill level 27 in Axes
    30 | D        | Reached skill level 27 in Throwing
    30 | D        | Reached skill level 27 in Armour
    30 | D        | Reached skill level 27 in Unarmed Combat
    30 | D        | Gained mutation: You are completely covered in slimy green
                  | scales. (AC +4, rPois) [demonic ancestry]
    30 | D        | Reached XP level 23. HP: 262/262 MP: 11/54
    30 | D        | Killed a destroyer
    35 | D        | Noticed a destroyer
    37 | D        | Killed a large bag of meat
    37 | D        | Gained mutation: You frequently emit foul miasma when
                  | damaged in melee. [demonic ancestry]
    37 | D        | Reached XP level 24. HP: 272/272 MP: 13/54
    38 | D        | Killed a destroyer
    39 | D        | Killed a destroyer
    39 | D        | Reached XP level 25. HP: 272/280 MP: 14/54
    39 | D        | Noticed a destroyer
    41 | D        | Noticed a destroyer
    42 | D        | Noticed a destroyer
    44 | D        | Reached XP level 26. HP: 290/290 MP: 15/54
    44 | D        | Killed a destroyer
    44 | D        | Noticed a destroyer
    44 | D        | Noticed a destroyer
    45 | D        | Killed a destroyer
    48 | D        | Killed a destroyer
    48 | D        | Gained mutation: You are extremely robust. (+30% HP)
                  | [demonic ancestry]
    48 | D        | Reached XP level 27. HP: 194/323 MP: 17/54
    49 | D        | Killed a destroyer
    50 | D        | Killed a destroyer
    53 | D        | Noticed an accursed
    55 | D        | Noticed a destroyer
    56 | D        | Killed an accursed
    57 | D        | Noticed a destroyer
    59 | D        | Noticed a destroyer
    64 | D        | Killed a destroyer
    64 | D        | Noticed a meat beast
    65 | D        | Noticed a destroyer
    65 | D        | Noticed a destroyer
    66 | D        | Noticed a large bag of meat
    66 | D        | Noticed a destroyer
    66 | D        | Killed a meat beast
    67 | D        | Killed a destroyer
    68 | D        | Killed a destroyer
    70 | D        | Killed a destroyer
    70 | D        | Killed a destroyer
    70 | D        | Noticed a large bag of meat
    75 | D        | Noticed a meat beast
    76 | D        | Noticed a meat beast
    78 | D        | Killed a meat beast
    78 | D        | Noticed a meat beast
    79 | D        | Killed a meat beast
    81 | D        | Killed a meat beast
    81 | D        | Killed a large bag of meat
    84 | D        | Noticed a destroyer
    91 | D        | Killed a destroyer
    91 | D        | Noticed a meat beast
    91 | D        | Noticed a destroyer
    93 | D        | Killed a destroyer
    94 | D        | Killed a meat beast
    95 | D        | Noticed a tyrant
    99 | D        | Noticed a meat beast
   100 | D        | Noticed a destroyer
   103 | D        | Killed a tyrant
   103 | D        | Noticed an accursed
   105 | D        | Killed a destroyer
   107 | D        | Noticed an accursed
   108 | D        | Killed a meat beast
   109 | D        | Killed an accursed
   111 | D        | Noticed a dread
   112 | D        | Killed an accursed
   114 | D        | Noticed a meat beast
   114 | D        | Noticed a fleshlord
   114 | D        | Killed a dread
   114 | D        | Noticed a fleshlord
   116 | D        | Killed a meat beast
   120 | D        | Killed a fleshlord
   121 | D        | Noticed a fleshlord
   123 | D        | Noticed a meat beast
   124 | D        | Noticed a fleshlord
   124 | D        | Killed a fleshlord
   124 | D        | Noticed a destroyer
   124 | D        | Noticed a dread
   125 | D        | Killed a meat beast
   126 | D        | Killed a fleshlord
   126 | D        | Noticed a destroyer
   128 | D        | Killed a fleshlord
   129 | D        | Killed a dread
   129 | D        | Killed a destroyer
   131 | D        | Noticed a meat beast
   132 | D        | Noticed a destroyer
   132 | D        | Noticed a meat beast
   133 | D        | Noticed a fleshlord
   135 | D        | Noticed a meat beast
   135 | D        | Noticed a destroyer
   135 | D        | Noticed a fleshlord
   136 | D        | Killed a destroyer
   136 | D        | Killed a fleshlord
   136 | D        | Noticed a destroyer
   136 | D        | Noticed a meat beast
   137 | D        | Killed a destroyer
   137 | D        | Killed a meat beast
   138 | D        | Killed a meat beast
   138 | D        | Noticed a dread
   139 | D        | Noticed a dread
   139 | D        | Killed a meat beast
   139 | D        | Killed a destroyer
   139 | D        | Killed a fleshlord
   140 | D        | Killed a destroyer
   141 | D        | Noticed a tyrant
   143 | D        | Killed a dread
   144 | D        | Noticed a meat beast
   146 | D        | Noticed a meat beast
   148 | D        | Killed a meat beast
   148 | D        | Noticed a dread
   149 | D        | Killed a meat beast
   149 | D        | Noticed a meat beast
   150 | D        | Killed a meat beast
   150 | D        | Noticed a fleshlord
   151 | D        | Noticed a meat beast
   152 | D        | Killed a tyrant
   152 | D        | Killed a meat beast
   153 | D        | Noticed a fleshlord
   153 | D        | Killed a meat beast
   153 | D        | Killed a dread
   153 | D        | Noticed a tyrant
   154 | D        | Killed a fleshlord
   156 | D        | Noticed a large bag of meat
   156 | D        | Noticed a meat beast
   158 | D        | Killed a tyrant
   158 | D        | Killed a fleshlord
   158 | D        | Killed a dread
   159 | D        | Killed a meat beast
   163 | D        | Killed a large bag of meat
   163 | D        | Noticed a dread
   163 | D        | Noticed a destroyer
   164 | D        | Noticed a dread
   168 | D        | Killed from afar by a wretched soul

Levels and vault maps discovered:
D:        meatsprint

Skill      XL: |  1  2  3  4  5  6  7  8  9 10 11 12 13 14 15 16 17 18 19 20 21 22 |
---------------+-------------------------------------------------------------------+-----
Dodging        | 13 15 16 18 19 22 23 24 25 26 27 | 27.0
Stealth        | 14 16 18 19 21 24 26 27 | 27.0
Spellcasting   | 13 15 16 18 19 22 23 24 25 26 27 | 27.0
Necromancy     | 16 18 19 20 22 26 27 | 27.0
Fighting       | 6 12 15 18 22 25 27 | 27.0
Axes           | 6 11 14 17 20 23 27 | 27.0
Throwing       | 6 11 14 17 20 23 27 | 27.0
Armour         | 6 11 14 17 20 23 27 | 27.0
Unarmed Combat | 6 11 14 17 20 23 27 | 27.0
Invocations    | 8 15 19 22 27 | 27.0

Action                   |  1- 3 |  4- 6 |  7- 9 | 10-12 | 13-15 | 16-18 | 19-21 | 22-24 | 25-27 || total
-------------------------+-------+-------+-------+-------+-------+-------+-------+-------+-------++-------
Melee: Executioner's axe |     1 |       |       |     1 |     3 |     3 |     5 |    10 |    87 ||   110
  Use: Potion            |       |       |       |       |       |       |       |       |     1 ||     1
 Stab: Distracted        |       |       |       |       |       |       |       |       |     1 ||     1
Armor: Robe              |       |       |       |       |       |       |       |       |     3 ||     3
Dodge: Dodged            |       |       |       |       |       |     1 |       |       |    14 ||    15

Table legend:
 A = Non-vault XP
 B = Vault XP
 C = Vault XP percentage of total XP
 D = Non-vault monster count
 E = Vault monster count
 F = Vault count percentage of total count
                 A         B        C        D         E       F
            +---------+---------+-------+---------+---------+-------
      Total | 6824833 | 1443687 |  17.5 |     126 |      66 |  34.4
            +---------+---------+-------+---------+---------+-------
          D | 6824833 | 1443687 |  17.5 |     126 |      66 |  34.4
            +---------+---------+-------+---------+---------+-------
